Map: [ESL] Moondance

Players

gumiho

  • Race: Terran Terran
  • Spawn Location: 6:00

Neeb - Winner!

  • Race: Protoss Protoss
  • League: Master
  • Spawn Location: 12:00

Event: HomeStory Cup XXI

VOD

Have the link to the VOD?

Description

Time

  • Played on: July 23, 2022, 10:32 a.m.
  • Length: 15:59

All games in this series

Show
View Real Time Build Order
Export as new Build Order

gumiho Terran 

Build Orders:  

Get SALT Encoding   

  12  0:00  SCV  
  13  0:12  SCV  
  14  0:16  Supply Depot  
  14  0:24  SCV  
  15  0:38  SCV  
  15  0:40  Barracks  
  16  0:50  SCV  
  17  1:02  SCV  
  17  1:04  Refinery  
  18  1:14  SCV  
  19  1:21  Command Center  
  19  1:26  Marine  
  19  1:28  SCV  
  21  1:40  Orbital Command  
  21  1:45  Supply Depot  
  21  1:48  Barracks Tech Lab  
  21  1:56  Refinery  
  21  2:06  SCV  
  21  2:07  Concussive Shells, Marauder  
  24  2:18  SCV  
  25  2:28  Marauder  
  27  2:30  SCV  
  27  2:32  Orbital Command  
  28  2:37  Factory  
  28  2:42  SCV  
  29  2:50  Marauder  
  31  2:54  SCV  
  32  2:58  SCV  
  32  3:04  Supply Depot  
  33  3:06  SCV  
  33  3:11  SCV  
  35  3:14  Barracks  
  35  3:17  Barracks Reactor  
  35  3:18  SCV  
  36  3:21  Widow Mine  
  36  3:24  SCV  
  36  3:26  Starport  
  39  3:34  SCV  
  40  3:36  SCV  
  38  3:44  Widow Mine  
  38  3:46  SCV  
  38  3:48  SCV  
  42  3:55  Marine x2  
  42  3:58  SCV  
  42  3:59  Supply Depot  
  42  4:00  SCV  
  42  4:02  Marauder  
  46  4:03  Stimpack  
  46  4:04  Medivac  
  46  4:10  SCV  
  46  4:12  SCV  
  46  4:13  Marine x2  
  46  4:16  Barracks  
  50  4:18  Engineering Bay  
  50  4:20  Bunker, Factory Tech Lab  
  50  4:24  Supply Depot  
  50  4:27  Marine  
  50  4:29  SCV  
  50  4:30  Marine  
  50  4:31  Marine  
  54  4:34  Starport Reactor  
  54  4:36  SCV  
  55  4:40  Siege Tank  
  55  4:41  SCV  
  59  4:46  Marine  
  59  4:48  Marine x2  
  56  4:59  SCV x2  
  58  5:00  Terran Infantry Weapons Level 1  
  58  5:03  Refinery  
  58  5:04  Refinery, Marine, Marauder  
  58  5:06  Marine x2  
  63  5:17  Command Center  
  63  5:22  Marine  
  63  5:24  Marine x2  
  63  5:25  Marine  
  67  5:28  Medivac  
  67  5:29  SCV  
  70  5:38  SCV  
  70  5:43  SCV  
  70  5:53  Combat Shield  
  70  5:55  Supply Depot  
  70  5:56  SCV x2, Medivac  
  78  5:59  Barracks x2  
  73  6:05  Medivac  
  73  6:07  Factory Reactor  
  73  6:08  SCV x2  
  72  6:21  Marauder  
  72  6:23  Marine x2, Marauder  
  72  6:24  SCV x2  
  75  6:29  Orbital Command  
  75  6:33  Supply Depot  
  75  6:35  Supply Depot  
  75  6:36  SCV x2, Medivac x2  
  81  6:42  Marine x2  
  81  6:43  Marauder  
  81  6:44  Marauder  
  86  6:47  Barracks Reactor  
  86  6:48  Barracks Tech Lab, SCV x2  
  87  7:00  SCV x2, Marine x2  
  86  7:02  Missile Turret  
  86  7:03  Marine  
  81  7:08  SCV  
  81  7:09  Marine  
  81  7:12  SCV x2  
  84  7:21  Orbital Command  
  84  7:22  Marine x2  
  84  7:24  SCV x2  
  84  7:26  Missile Turret  
  82  7:30  Marine x2  
  82  7:33  Marine  
  82  7:34  Marauder  
  86  7:37  SCV  
  86  7:38  SCV  
  86  7:43  Orbital Command  
  88  7:46  Marine x2  
  88  7:50  SCV  
  90  7:57  Supply Depot  
  88  7:59  SCV  
  88  8:02  SCV  
  88  8:03  Liberator  
  93  8:10  Liberator  
  93  8:12  SCV x2  
  98  8:14  SCV  
  98  8:15  Marine  
  98  8:16  Marine x2  
  102  8:21  Marine x3  
  102  8:23  Marine  
  102  8:26  SCV  
  107  8:29  SCV x2  
  109  8:34  Supply Depot  
  109  8:38  SCV  
  109  8:40  Refinery  
  109  8:41  SCV x2  
  111  8:43  Terran Infantry Armor Level 1  
  111  8:47  Armory  
  112  8:50  Ghost Academy  
  112  8:52  SCV  
  112  8:53  SCV  
  112  8:55  SCV  
  115  9:00  Marauder x2  
  115  9:01  Marauder  
  121  9:04  Marine x3  
  121  9:05  Marine  
  121  9:09  SCV x2  
  128  9:10  SCV  
  128  9:15  Supply Depot  
  128  9:19  Bunker  
  128  9:23  SCV x2, Missile Turret  
  130  9:25  Ghost  
  132  9:36  Ghost x2  
  132  9:37  Supply Depot  
  136  9:38  Supply Depot x2  
  136  9:44  Terran Ship Weapons Level 1  
  136  9:55  SCV x3  
  139  10:03  Supply Depot  
  139  10:04  Command Center  
  139  10:09  Ghost x2  
  139  10:11  Ghost  
  145  10:15  Widow Mine x2  
  145  10:17  SCV x2  
  145  10:19  SCV  
  152  10:22  Supply Depot  
  152  10:27  Supply Depot  
  152  10:33  Sensor Tower  
  152  10:34  Liberator x2  
  158  10:36  Terran Infantry Weapons Level 2  
  158  10:38  Widow Mine  
  160  10:45  SCV x3  
  160  10:46  Enhanced Shockwaves  
  162  10:51  Missile Turret  
  159  11:04  Missile Turret  
  159  11:05  Missile Turret  
  159  11:07  Marauder  
  159  11:08  Marine x2, Marauder x2  
  167  11:17  Viking x2  
  169  11:29  Marauder  
  169  11:32  Planetary Fortress  
  155  11:40  Marine x2, Marauder x2  
  155  11:44  Terran Ship Weapons Level 2, SCV x3  
  164  11:49  Viking x2  
  164  11:50  Widow Mine x2  
  164  11:51  Marauder  
  172  12:01  Missile Turret  
  172  12:02  Marauder  
  172  12:03  Missile Turret  
  172  12:04  Sensor Tower  
  172  12:05  Marine  
  172  12:06  Marauder  
  176  12:13  Marauder  
  178  12:19  Medivac x2  
  178  12:21  SCV x3  
  185  12:24  Personal Cloaking  
  185  12:33  Refinery x2  
  185  12:34  Command Center  
  185  12:48  Starport  
  185  12:49  Factory Tech Lab  
  185  12:52  Marine x2, Marauder x2  
  185  12:53  Marine x2, Marauder  
  153  13:10  Marine x3  
  153  13:11  Marine  
  140  13:13  Marauder  
  140  13:14  Marauder x2  
  122  13:23  Siege Tank  
  122  13:24  Medivac x2  
  114  13:27  Marine x2  
  114  13:28  Marine  
  114  13:31  Marine  
  100  13:35  Marauder x2  
  100  13:37  Viking x2  
  106  13:46  Marine  
  107  13:50  SCV  
  105  13:57  Barracks x3, Siege Tank  
  105  13:58  Barracks  
  105  13:59  Orbital Command  
  109  14:11  Ghost x2  
  109  14:13  Viking  
  109  14:15  Marine x2  
  109  14:27  Missile Turret  
  109  14:28  Missile Turret  
  109  14:33  Marine x2  
  111  14:40  Marine x2  
  111  14:45  Marine x4  
  96  14:51  Marine x2  
  80  14:58  Marine x2  
  82  15:03  Siege Tank, Marine x4  
  89  15:08  Marine  
  89  15:09  Marine  
  91  15:16  Marine, Marauder  
  91  15:21  Marine x4  
  95  15:26  Marine x2  
  99  15:34  Marine  
  98  15:38  Marine, Marauder  
  98  15:39  Marine  
Show
View Real Time Build Order
Export as new Build Order

Neeb Protoss - Winner!

Build Orders: 1 Gate Expand, Blink Stalkers 

Get SALT Encoding   

  12  0:01  Probe  
  13  0:13  Probe  
  14  0:17  Pylon  
  14  0:25  Probe  
  15  0:35  Gateway  
  15  0:37  Probe (Chrono Boost)  
  15  0:41  Assimilator  
  16  0:47  Probe (Chrono Boost)  
  17  0:52  Probe (Chrono Boost)  
  18  1:03  Probe  
  19  1:15  Probe  
  20  1:21  Cybernetics Core  
  20  1:30  Nexus  
  20  1:33  Probe  
  21  1:41  Pylon  
  21  1:45  Probe  
  22  1:48  Assimilator  
  22  1:56  Adept (Chrono Boost)  
  22  1:57  Probe  
  22  2:00  Warp Gate  
  25  2:09  Probe  
  26  2:16  Adept (Chrono Boost)  
  26  2:22  Twilight Council, Probe  
  29  2:34  Probe  
  30  2:41  Stalker  
  30  2:42  Probe  
  33  2:46  Probe  
  34  2:53  Blink (Chrono Boost)  
  34  2:54  Probe  
  34  2:58  Probe  
  36  3:07  Probe  
  36  3:08  Stalker (Chrono Boost)  
  36  3:09  Gateway  
  36  3:10  Probe  
  38  3:19  Probe  
  39  3:22  Probe  
  39  3:26  Robotics Facility  
  40  3:33  Pylon, Probe  
  40  3:35  Probe  
  41  3:45  Probe  
  40  3:53  Stalker  
  40  3:54  Probe  
  39  3:58  Assimilator  
  39  4:00  Gateway  
  39  4:02  Pylon  
  39  4:04  Stalker  
  41  4:10  Gateway  
  41  4:13  Probe x2  
  41  4:17  Warp Prism  
  43  4:22  Stalker  
  47  4:27  Stalker  
  47  4:28  Probe  
  47  4:30  Probe  
  51  4:34  Pylon  
  51  4:40  Probe  
  52  4:49  Pylon  
  52  4:53  Stalker x2, Observer  
  57  5:00  Stalker  
  57  5:02  Pylon  
  57  5:04  Assimilator  
  59  5:11  Dark Shrine, Probe  
  61  5:14  Stalker  
  61  5:16  Stalker  
  61  5:18  Stalker  
  61  5:21  Probe  
  67  5:33  Probe  
  58  5:39  Warp Prism  
  60  5:47  Stalker x4  
  68  5:54  Shield Battery  
  66  6:00  Robotics Bay  
  66  6:08  Nexus  
  62  6:25  Probe x2  
  61  6:29  Pylon  
  61  6:37  Probe x2  
  63  6:41  Dark Templar x4  
  71  6:50  Probe  
  71  6:52  Probe  
  71  6:53  Shield Battery  
  73  7:02  Probe  
  73  7:04  Probe  
  71  7:13  Dark Templar  
  71  7:14  Probe, Dark Templar x2  
  78  7:16  Probe  
  77  7:26  Probe  
  77  7:28  Probe  
  75  7:33  Charge, Probe  
  75  7:36  Colossus (Chrono Boost)  
  70  7:38  Probe, Zealot  
  70  7:40  Probe  
  70  7:42  Gateway  
  80  7:45  Gateway  
  80  7:47  Gateway, Extended Thermal Lance  
  80  7:49  Zealot x3  
  86  7:51  Gateway  
  84  8:02  Pylon  
  84  8:03  Assimilator  
  84  8:08  Zealot  
  84  8:13  Colossus (Chrono Boost)  
  84  8:16  Forge  
  90  8:22  Pylon  
  90  8:25  Probe  
  90  8:26  Sentry  
  90  8:27  Zealot x2  
  97  8:34  Dark Templar  
  99  8:43  Zealot x3  
  99  8:45  Zealot  
  107  8:49  Protoss Ground Weapons Level 1 (Chrono Boost)  
  107  8:50  Pylon  
  107  8:51  Nexus, Pylon  
  107  8:52  Pylon  
  107  8:56  Colossus (Chrono Boost)  
  113  9:13  Stalker x4  
  121  9:17  Probe x2  
  121  9:18  Probe  
  124  9:27  Robotics Facility, Zealot x2  
  128  9:32  Shield Battery  
  128  9:34  Shield Battery  
  128  9:40  Disruptor (Chrono Boost)  
  129  9:57  Stalker x5  
  139  10:02  Probe x3  
  139  10:04  Sentry x2, Zealot  
  148  10:08  Pylon  
  148  10:14  Disruptor (Chrono Boost)  
  148  10:20  Probe x4  
  148  10:21  Zealot  
  157  10:24  Pylon  
  157  10:29  Disruptor (Chrono Boost)  
  160  10:36  Zealot x4  
  160  10:39  Assimilator  
  160  10:40  Assimilator  
  168  10:43  Pylon  
  168  10:48  Zealot x3  
  168  10:49  Protoss Ground Armor Level 1  
  174  10:51  Pylon  
  174  10:52  Disruptor (Chrono Boost)  
  174  10:55  Disruptor (Chrono Boost)  
  176  11:06  Nexus  
  176  11:09  Probe x3  
  176  11:11  Probe  
  176  11:21  Observer  
  177  11:26  Zealot x6  
  177  11:27  Zealot x2  
  193  11:36  Pylon  
  188  11:41  Nexus  
  188  11:44  Pylon  
  188  11:53  Disruptor x2 (Chrono Boost)  
  194  12:09  Photon Cannon  
  194  12:11  Photon Cannon  
  194  12:13  Photon Cannon, Stargate  
  194  12:15  Photon Cannon  
  194  12:17  Pylon, Assimilator  
  194  12:21  Assimilator  
  194  12:25  Observer  
  194  12:26  Protoss Air Weapons Level 1  
  194  12:29  Stalker x2  
  199  12:37  Gateway  
  199  12:38  Gateway  
  199  12:40  Gateway  
  199  12:42  Gateway  
  191  13:05  Dark Templar x2, Zealot x5  
  157  13:10  Disruptor x2  
  147  13:15  Dark Templar  
  144  13:22  Probe x2  
  146  13:27  Dark Templar x3  
  146  13:28  Zealot  
  152  13:38  Nexus, Dark Templar x2, Zealot  
  152  13:39  Probe  
  155  13:48  Disruptor x2  
  157  14:05  Stalker x6, Nexus  
  157  14:06  Stalker  
  157  14:07  Pylon  
  167  14:18  Dark Templar  
  167  14:23  Nexus  
  128  14:56  Stalker x7  
  128  14:57  Stalker  
  144  15:00  Stalker x4  
  152  15:20  Zealot x8  
Tags
 
Add a new tag
Caveats
  • Supply blocks, unpowered buildings, or Contaminate may cause inaccurate times.
  • Supply counts are checked every 10 seconds.